 Dungeon Crawl Stone Soup version 0.29-a0-43-g62a80824bf (webtiles) character file.

Game seed: 3273020293582259385

3447 bande the Cleaver (level 10, -9/54 HPs)
             Began as a Gargoyle Fighter on Feb 2, 2022.
             Was a Follower of Okawaru.
             Mangled by Harold (18 damage)
             ... on level 8 of the Dungeon.
             The game lasted 00:16:09 (8001 turns).

bande the Cleaver (Gargoyle Fighter)                Turns: 8001, Time: 00:16:09

Health: -9/54      AC: 17    Str: 20    XL:     10   Next: 6%
Magic:  12/12      EV:  7    Int:  9    God:    Okawaru [*.....]
Gold:   361        SH:  5    Dex: 13    Spells: 9/9 levels left

rFire   . . .      SeeInvis .   a - +1 war axe (freeze)
rCold   . . .      Faith    .   c - +0 buckler
rNeg    + . .      Spirit   .   x - +0 chain mail
rPois   ∞          Reflect  .   (no helmet)
rElec   +          Harm     .   z - +0 cloak
rCorr   .          Rampage  .   n - +1 pair of gloves
Will    .....                   (no boots)
Stlth   ..........              g - amulet of regeneration
HPRegen 0.98/turn               (no ring)
MPRegen 0.13/turn               (no ring)

@: no status effects
A: sickness immunity, AC +7, negative energy resistance 1, electricity
resistance, torment resistance 1, petrification resistance, deformed body, frail
1, subdued magic 1
a: Renounce Religion, Heroism


You were on level 8 of the Dungeon.
You worshipped Okawaru.
Okawaru was aware of your devotion.
You visited 2 branches of the dungeon, and saw 9 of its levels.

You collected 361 gold pieces.

Inventory:

Hand Weapons
 a - a +1 war axe of freezing (weapon)
 b - a +0 flail
 y - a +0 war axe
Missiles
 h - a throwing net (quivered)
Armour
 c - a +0 buckler (worn)
 e - a +0 helmet
 n - a +1 pair of gloves (worn)
 x - a +0 chain mail (worn)
 z - a +0 cloak (worn)
Jewellery
 g - an amulet of regeneration (around neck)
Wands
 m - a wand of digging (4)
 s - a wand of charming (4)
 t - a wand of flame (11)
Scrolls
 k - a scroll of amnesia
 u - a scroll of fog
 v - 2 scrolls of magic mapping {unknown}
Potions
 d - 2 potions of might
 f - a potion of ambrosia
 i - 2 potions of magic
 j - 5 potions of curing
 l - a potion of flight
 o - a potion of invisibility {unknown}
 p - 2 potions of heal wounds
 q - a potion of brilliance {unknown}
 w - 2 potions of degeneration {unknown}


   Skills:
 + Level 6.8 Fighting
 + Level 8.2 Axes
 + Level 7.7 Armour
 + Level 5.1 Shields
 * Level 2.7 Invocations
 * Level 4.7 Evocations


You had 9 spell levels left.
You didn't know any spells.
Your spell library contained the following spells:

 Spells                   Type           Power      Damage    Failure   Level
 Shock                    Conj/Air       0%         1d3       99%         1
 Sting                    Tmut/Pois      0%         1d3       99%         1
 Poisonous Vapours        Pois/Air       0%         N/A       99%         2
 Swiftness                Air            0%         N/A       100%        3
 Airstrike                Air            0%         N/A       100%        4
 Olgreb's Toxic Radiance  Pois           0%         N/A       100%        4


Dungeon Overview and Level Annotations

Branches:
Dungeon (8/15)             Temple (1/1) D:6
   Lair: D:8-11

Altars:
Ashenzari
Dithmenos
Fedhas
Gozag
Nemelex Xobeh
Okawaru
Qazlal
Ru
Sif Muna
Vehumet
Yredelemnul
The Shining One

Shops:
D:1 (   D:6 *

Annotations:
D:8 Harold


Innate Abilities, Weirdness & Mutations

You are immune to sickness and miasma.
Your stone body is resilient. (AC +7)
You are immune to poison.
You resist negative energy. (rN+)
You are resistant to electric shocks. (rElec)
You are resistant to unholy torment.
You are immune to petrification.
Armour fits poorly on your strangely shaped body.
You are frail. (-10% HP)
Your spells are a little easier to cast, but a little less powerful.


Message History

You are held in a net!
You are held in a net!
You struggle against the net.
You struggle against the net.
Harold gestures at you while chanting.
You barely resist. You shred the net and break free!
Harold fires a harpoon shot at you. The harpoon shot hits you!
You are yanked forward by the harpoon shot.
You hit Harold but do no damage. You block Harold's attack.
Harold hits you with a +1 battleaxe of electrocution!
You hit Harold. You freeze Harold.
Harold is lightly wounded.
Harold hits you with a +1 battleaxe of electrocution!
You barely miss Harold.
Harold is lightly wounded.
Harold misses you.
You closely miss Harold.
Harold says, "Try to look on the bright side.
Your death will help put my children through school."
Harold hits you with a +1 battleaxe of electrocution.
You hit Harold but do no damage. You block Harold's attack.
You hit Harold. You freeze Harold.
Harold is lightly wounded.
Harold hits you with a +1 battleaxe of electrocution!
* * * LOW HITPOINT WARNING * * *
You hit Harold but do no damage.
Harold is lightly wounded.
Harold barely misses you.
You slash Harold! You freeze Harold.
Harold is moderately wounded.
Harold hits you with a +1 battleaxe of electrocution!
* * * LOW HITPOINT WARNING * * *
You hit Harold but do no damage.
Harold is moderately wounded.
You block Harold's attack.
You hit Harold but do no damage.
Harold is moderately wounded.
Harold hits you with a +1 battleaxe of electrocution!!
You die...

#...# #..# ##..## #..# .
##...## #..## ..
###.....###...# ...
...............## ....
.................## .....
..................#......
..............#....#
..########...###@..# .#
#...# #@.## ##.## ##.#
#.# #.# #.# #.# #.# .#


You could see Harold.

Vanquished Creatures
  Pikel (D:6)
  Eustachio (D:4)
  5 yaks (D:7)
  A steam dragon (D:7)
  Edmund (D:6)
  2 water moccasins
  2 necrophages
  A black bear (D:4)
  An ogre (D:6)
  A centaur (D:4)
  3 phantoms
  Blork the orc (D:6)
  2 bullfrogs (D:7)
  2 scorpions
  A howler monkey (D:5)
  2 hounds (D:6)
  A bullfrog zombie (D:7)
  2 centaur skeletons
  2 orc priests
  Jessica (D:2)
  2 iguanas (D:5)
  2 orc wizards
  Natasha (thrice) (D:2)
  A killer bee zombie (D:7)
  7 adders
  7 gnolls
  A howler monkey skeleton (D:6)
  2 ufetubi
  5 worms
  2 dart slugs
  10 orcs
  4 endoplasms
  3 giant cockroaches
  5 goblins
  6 hobgoblins
  4 quokkas
  6 ball pythons
  3 bats
  5 frilled lizards
  7 kobolds
  4 rats
122 creatures vanquished.

Notes
Turn   | Place    | Note
-------+----------+-------------------------------------------
     0 | D:1      | bande the Gargoyle Fighter began the quest for the Orb.
     0 | D:1      | Reached XP level 1. HP: 14/14 MP: 1/1
   133 | D:1      | Reached XP level 2. HP: 10/19 MP: 2/2
   523 | D:1      | Found a faded altar of an unknown god.
   820 | D:1      | Found Koanuuv's Antique Weapon Shop.
   855 | D:1      | Reached skill level 2 in Axes
  1177 | D:2      | Noticed Natasha
  1188 | D:2      | Killed Natasha
  1189 | D:2      | Reached XP level 3. HP: 12/24 MP: 3/3
  1269 | D:2      | Noticed Jessica
  1280 | D:2      | Killed Jessica
  1281 | D:2      | Reached XP level 4. HP: 29/29 MP: 4/4
  1358 | D:2      | Noticed Natasha
  1363 | D:2      | Killed Natasha
  1364 | D:2      | Reached skill level 3 in Axes
  1373 | D:2      | Noticed Natasha
  1381 | D:2      | Killed Natasha
  1382 | D:2      | Reached XP level 5. HP: 32/33 MP: 5/5
  1749 | D:2      | Found a sacrificial altar of Ru.
  2287 | D:3      | Noticed a phantom
  2291 | D:3      | Killed a phantom
  2292 | D:3      | Reached skill level 4 in Axes
  2292 | D:3      | Reached XP level 6. HP: 36/39 MP: 6/6
  2733 | D:4      | Noticed a necrophage
  2745 | D:4      | Killed a necrophage
  2856 | D:4      | Noticed a black bear
  2864 | D:4      | Reached skill level 1 in Evocations
  2864 | D:4      | Reached XP level 7. HP: 44/44 MP: 7/7
  2877 | D:4      | Reached skill level 5 in Axes
  2877 | D:4      | Reached skill level 5 in Armour
  2950 | D:4      | Noticed Eustachio
  2981 | D:4      | Killed Eustachio
  2982 | D:4      | Reached skill level 5 in Fighting
  3640 | D:5      | Entered Level 5 of the Dungeon
  3661 | D:5      | Found a shimmering blue altar of Sif Muna.
  3800 | D:5      | Reached XP level 8. HP: 49/49 MP: 8/8
  4029 | D:5      | Reached skill level 6 in Axes
  5009 | D:6      | Found Inorog's General Store.
  5020 | D:6      | Noticed Edmund
  5025 | D:6      | Killed Edmund
  5036 | D:6      | Noticed Blork the orc
  5042 | D:6      | Killed Blork the orc
  5126 | D:6      | Noticed Pikel
  5140 | D:6      | Killed Pikel
  5141 | D:6      | Reached skill level 7 in Axes
  5141 | D:6      | Reached XP level 9. HP: 41/55 MP: 9/9
  5332 | D:6      | Found a stormy altar of Qazlal.
  5418 | D:6      | Identified the +9 dagger "Dueriur" {antimagic, rN+ Will+
                  | rCorr}
  5526 | D:6      | Found a staircase to the Ecumenical Temple.
  5532 | Temple   | Entered the Ecumenical Temple
  5682 | Temple   | Became a worshipper of Warmaster Okawaru
  6513 | D:7      | Reached skill level 1 in Invocations
  7644 | D:7      | Reached skill level 5 in Shields
  7647 | D:7      | Reached skill level 8 in Axes
  7888 | D:7      | Reached XP level 10. HP: 47/61 MP: 11/11
  7888 | D:7      | Reached * piety under Okawaru
  7944 | D:8      | Gained mutation: Armour fits poorly on your strangely
                  | shaped body. [potion of mutation]
  7944 | D:8      | Gained mutation: You have a pair of small horns on your
                  | head. [potion of mutation]
  7944 | D:8      | Gained mutation: You have hidden genetic potential. [potion
                  | of mutation]
  7945 | D:8      | Lost mutation: You have hidden genetic potential. [potion
                  | of mutation]
  7945 | D:8      | Lost mutation: You have a pair of small horns on your head.
                  | [potion of mutation]
  7945 | D:8      | Gained mutation: Your spells are a little easier to cast,
                  | but a little less powerful. [potion of mutation]
  7945 | D:8      | Gained mutation: You are frail. (-10% HP) [potion of
                  | mutation]
  7985 | D:8      | Noticed Harold
  8001 | D:8      | Mangled by Harold

Illustrated notes

Levels and vault maps discovered:
D:1:      lightli_arrival_lavapool, layout_basic, serial_shops, shop,
          shapermc_ecumenical_altar_acropolis
D:2:      layout_loops_corners, basic_altar, minmay_misc_feat_alley,
          kennysheep_generic_room_11, uniq_natasha, uniq_jessica
D:3:      layout_basic
D:4:      layout_loops_ring, uniq_eustachio
D:5:      layout_loops_ring, amcnicky_altar_gilded
D:6:      layout_basic, mainiacjoe_overflow_boulevard, minmay_temple_entry_hall,
          serial_shops, shop, uniq_pikel, uniq_edmund, uniq_blork_the_orc
D:7:      layout_layer_cave, kennysheep_doodads
D:8:      layout_layer_cave, kennysheep_generic_room_13, uniq_harold
Temple:   mainiacjoe_temple_big_plus

Skill      XL: |  1  2  3  4  5  6  7  8  9 |
---------------+----------------------------+-----
Axes           | 2 3 4 5 7 8 |  8.2
Fighting       | 4 5 6 |  6.8
Armour         | 4 5 6 7 |  7.7
Shields        | 4 5 |  5.1
Evocations     | 1 2 3 4 |  4.7
Invocations    | 2 |  2.7

Action                   |  1- 3 |  4- 6 |  7- 9 | 10-12 || total
-------------------------+-------+-------+-------+-------++-------
Melee: War axe           |    70 |   156 |   248 |    16 ||   490
  Use: Scroll            |     3 |     3 |     9 |       ||    15
       Potion            |       |       |       |     2 ||     2
Armor: Scale mail        |    27 |    82 |   112 |       ||   221
       Chain mail        |       |       |    71 |     3 ||    74
Dodge: Dodged            |    35 |    71 |   114 |     4 ||   224
Block: Buckler           |    22 |    40 |    49 |     3 ||   114

Table legend: (Time is in decaauts)
 A = Elapsed time spent in this place.
 B = Non-inter-level travel time spent in this place.
 C = Inter-level travel time spent in this place.
 D = Time resting spent in this place.
 E = Time spent auto-exploring this place.
 F = Levels seen in this place.
 G = Mean time per level.
                   A        B        C        D        E       F      G
               +--------+--------+--------+--------+--------+-----+--------+
         Total |   8167 |   7856 |    311 |   1596 |   4782 |   9 |  907.4 |
       Dungeon |   7931 |   7675 |    256 |   1596 |   4616 |   8 |  991.4 |
        Temple |    235 |    180 |     55 |      0 |    166 |   1 |  235.0 |
               +--------+--------+--------+--------+--------+-----+--------+

Top non-repeatable levels by time:
     D:7: 1761 daAuts
     D:5: 1360 daAuts
     D:1: 1189 daAuts
     D:2: 1073 daAuts
     D:4: 930 daAuts
     D:6: 915 daAuts
     D:3: 567 daAuts
  Temple: 235 daAuts
     D:8: 132 daAuts
